[Event "November 21 Late 2023"]
[Site "https://www.chess.com"]
[Date "2023.11.21"]
[Round "10"]
[White "Hoffmann, Asa"]
[Black "Ferreira, Vitor Hugo Vieira"]
[Result "0-1"]
[Board "86"]
[TimeControl "180+1"]
[WhiteFideId "2001470"]
[BlackFideId "2119765"]
[WhiteElo "2117"]
[BlackElo "2123"]
[WhiteTeam "USA"]
[BlackTeam "BRA"]
[WhiteClock "0:00:00"]
[BlackClock "0:00:17"]

1. d4 d5 2. Bg5 c5 3. dxc5 Nc6 4. c3 a5 5. e4 Be6 6. Bb5 dxe4 7. Qa4 Qd5 8. Be3 Nf6 9. Ne2 Bd7 10. Nf4 Qf5 11. h3 h5 12. Nd2 e5 13. Ne2 Nd5 14. Ng3 Qg6 15. Ngxe4 Qxg2 16. O-O-O Nxe3 17. fxe3 Qg6 18. Rhg1 Qe6 19. Bc4 Qxh3 20. Bxf7+ Kd8 21. Nc4 Kc7 22. Nb6 Rd8 23. Bb3 Qf5 24. Rgf1 Nd4 25. Nxd7 Qxe4 26. exd4 Rxd7 27. Qxa5+ Kb8 28. Ba4 Rc7 29. Rde1 Qg2 30. Kb1 exd4 31. cxd4 Be7 32. Qc3 Bf6 33. Rd1 Rd8 34. Bb3 Rxd4 35. Rxf6 Rxd1+ 36. Bxd1 gxf6 37. Qxf6 Rxc5 38. Qf8+ Rc8 39. Qf4+ Rc7 40. Qf8+ Ka7 41. Qa3+ Kb6 42. Qb4+ Kc6 43. Ba4+ Kd5 0-1

[Event "November 21 Late 2023"]
[Site "https://www.chess.com"]
[Date "2023.11.21"]
[Round "10"]
[White "Shapiro, Daniel"]
[Black "Kochiev, Ivan"]
[Result "0-1"]
[Board "87"]
[TimeControl "180+1"]
[WhiteFideId "2001780"]
[BlackFideId "2917890"]
[WhiteElo "2319"]
[BlackElo "2285"]
[WhiteTeam "USA"]
[BlackTeam "BUL"]
[WhiteClock "0:00:00"]
[BlackClock "0:00:16"]

1. d4 Nf6 2. c4 e6 3. g3 c5 4. d5 exd5 5. cxd5 d6 6. Nc3 g6 7. Bg2 Bg7 8. Nf3 O-O 9. O-O Na6 10. h3 Nc7 11. a4 a6 12. Nd2 Rb8 13. Nc4 b5 14. axb5 axb5 15. Na5 Bb7 16. g4 b4 17. Nxb7 Rxb7 18. Qb3 c4 19. Qxc4 bxc3 20. bxc3 Nd7 21. Qc6 Rb6 22. Qc4 Nc5 23. Be3 N7a6 24. Bd4 Re8 25. e4 Qd7 26. Rxa6 Rxa6 27. Bxc5 Qc8 28. Qb5 dxc5 29. f4 Bxc3 30. e5 Ra5 31. Qc4 Bd4+ 32. Kh1 Ra3 33. d6 Qe6 34. Bd5 Rxh3+ 0-1

[Event "November 21 Late 2023"]
[Site "https://www.chess.com"]
[Date "2023.11.21"]
[Round "10"]
[White "Kovacsy, Barnabas"]
[Black "rikchessmx"]
[Result "0-1"]
[Board "88"]
[TimeControl "180+1"]
[WhiteFideId "769290"]
[WhiteElo "2130"]
[BlackElo "2298"]
[WhiteTeam "HUN"]
[WhiteClock "0:02:20"]
[BlackClock "0:02:40"]

1. e4 c5 2. Nf3 e6 3. d4 cxd4 4. Nxd4 a6 5. Bd3 Qc7 6. O-O Nf6 7. c4 h5 8. Nc3 Ng4 9. Nf3 Nc6 10. Qe2 Nd4 0-1

[Event "November 21 Late 2023"]
[Site "https://www.chess.com"]
[Date "2023.11.21"]
[Round "10"]
[White "ExchangeAB"]
[Black "Harish, Neeraj"]
[Result "1-0"]
[Board "89"]
[TimeControl "180+1"]
[BlackFideId "30958130"]
[WhiteElo "2460"]
[BlackElo "1866"]
[BlackTeam "USA"]
[WhiteClock "0:00:48"]
[BlackClock "0:01:30"]

1. Nf3 d5 2. e3 e6 3. b3 Nf6 4. Bb2 Be7 5. Be2 O-O 6. O-O c5 7. d3 Nc6 8. Ne5 Nxe5 9. Bxe5 Bd6 10. Bxd6 Qxd6 11. Nd2 b6 12. c4 Bb7 13. Bf3 Rfd8 14. Qc2 Rac8 15. Rfd1 Qe7 16. Rac1 d4 17. Bxb7 Qxb7 18. e4 e5 19. a3 Qe7 20. Qb2 Ng4 21. h3 Nh6 22. b4 f5 23. bxc5 bxc5 24. Rb1 f4 25. Qb7 Qg5 26. Nf3 Qf6 27. Qxa7 Ra8 28. Qc7 Rdc8 29. Qxe5 Qxe5 30. Nxe5 Rxa3 31. Rb5 Nf7 32. Nd7 f3 33. gxf3 Ng5 34. Kg2 Rc6 35. f4 Nxe4 36. dxe4 Rg6+ 37. Kh2 h5 38. Rb8+ Kh7 39. Nf8+ 1-0

[Event "November 21 Late 2023"]
[Site "https://www.chess.com"]
[Date "2023.11.21"]
[Round "10"]
[White "Awoki, Daniel Teidi"]
[Black "Jimenez Ruano, Adrian"]
[Result "1-0"]
[Board "90"]
[TimeControl "180+1"]
[WhiteFideId "2100827"]
[BlackFideId "22276050"]
[WhiteElo "2077"]
[BlackElo "2215"]
[WhiteTeam "BRA"]
[BlackTeam "ESP"]
[WhiteClock "0:00:57"]
[BlackClock "0:01:18"]

1. e4 e6 2. d4 d5 3. Nd2 dxe4 4. Nxe4 Nd7 5. Nf3 Ngf6 6. Bd3 Nxe4 7. Bxe4 Nf6 8. Bd3 Bd6 9. O-O h6 10. c4 O-O 11. c5 Be7 12. b3 Bd7 13. Re1 Bc6 14. Ne5 Qd5 15. Nxc6 Qxc6 16. Bf4 Rfd8 17. Bc4 Bxc5 18. Be5 Nd7 19. Qg4 Nxe5 20. dxe5 Rd4 21. Qg3 Rd2 22. Re2 Rad8 23. Rae1 b5 24. Rxd2 Rxd2 25. Be2 Bb6 26. h4 Qc2 27. Qf3 Ba5 28. Bxb5 Rxf2 29. Qxf2 Bb6 30. Re3 Qc1+ 31. Kh2 Bxe3 32. Qf3 Bf4+ 33. Kh3 Qe3 34. Qxe3 Bxe3 35. Kg4 g5 36. hxg5 hxg5 37. Kf3 Kg7 38. Kxe3 Kg6 39. Ke4 1-0

[Event "November 21 Late 2023"]
[Site "https://www.chess.com"]
[Date "2023.11.21"]
[Round "10"]
[White "Feliz Dotel, Dewar Bienvenido"]
[Black "Swicarz, Maciej"]
[Result "1-0"]
[Board "91"]
[TimeControl "180+1"]
[WhiteFideId "6402801"]
[BlackFideId "1113585"]
[WhiteElo "2069"]
[BlackElo "2127"]
[WhiteTeam "DOM"]
[BlackTeam "POL"]
[WhiteClock "0:00:28"]
[BlackClock "0:00:02"]

1. d4 Nf6 2. e3 c5 3. dxc5 e6 4. Nf3 Bxc5 5. c4 b6 6. a3 Bb7 7. Be2 O-O 8. b4 Be7 9. Bb2 a5 10. Qb3 d5 11. Nbd2 axb4 12. axb4 Rxa1+ 13. Bxa1 Qd6 14. Bxf6 Bxf6 15. O-O dxc4 16. Nxc4 Qc7 17. b5 Nd7 18. Ncd2 Nc5 19. Qb4 Ra8 20. h3 Ra2 21. Qb1 Bxf3 22. Qxa2 Bxe2 23. Rc1 g6 24. Ne4 Bxb5 25. Nxf6+ Kf8 26. Ne4 Bd3 27. Nxc5 bxc5 28. Qa3 Qd6 29. Qxc5 Qxc5 30. Rxc5 h5 31. f3 Ke7 32. Rc7+ Kf6 33. Kf2 h4 34. e4 g5 35. g3 hxg3+ 36. Kxg3 Be2 37. Rc2 Bd1 38. Rd2 Ba4 39. h4 gxh4+ 40. Kxh4 Ke5 41. Kg3 f5 42. Ra2 Be8 43. Ra5+ Kf6 44. e5+ Kg5 45. f4+ Kg6 46. Ra7 Bc6 47. Kh4 Bd5 48. Rd7 Bc4 49. Rd6 Bb3 50. Rd8 Bc4 51. Rg8+ Kf7 52. Rg1 Bd5 53. Kg5 Bc4 54. Rh1 Bd5 55. Rh7+ Ke8 56. Kf6 Kd8 57. Re7 1-0

[Event "November 21 Late 2023"]
[Site "https://www.chess.com"]
[Date "2023.11.21"]
[Round "10"]
[White "seasidesunset"]
[Black "Pein, Jonathan"]
[Result "0-1"]
[Board "92"]
[TimeControl "180+1"]
[BlackFideId "417092"]
[WhiteElo "2182"]
[BlackElo "2192"]
[BlackTeam "ENG"]
[WhiteClock "0:00:00"]
[BlackClock "0:00:58"]

1. e4 e5 2. Nf3 d6 3. c3 Nf6 4. a4 Nxe4 5. Qe2 Nf6 6. d4 e4 7. Bg5 d5 8. Nbd2 Be7 9. Ne5 h6 10. Bf4 Nbd7 11. f3 exf3 12. gxf3 Nxe5 13. dxe5 Nh5 14. Bg3 Bh4 15. Rg1 Bf5 16. f4 Nxf4 17. Qf3 Qg5 18. O-O-O Bg4 19. Bxf4 Bxf3 20. Bxg5 Bxg5 21. Re1 Bh5 22. Bg2 O-O-O 23. Bf3 Bxf3 24. Rxg5 hxg5 25. Nxf3 g4 26. Ng5 Rd7 27. Rg1 f5 28. exf6 gxf6 29. Ne6 f5 30. Nd4 Rf7 31. Rf1 Rxh2 32. Nxf5 Kd7 0-1

[Event "November 21 Late 2023"]
[Site "https://www.chess.com"]
[Date "2023.11.21"]
[Round "10"]
[White "Zakarian, David"]
[Black "Thake, Conrad"]
[Result "1-0"]
[Board "93"]
[TimeControl "180+1"]
[WhiteFideId "13301276"]
[BlackFideId "5602947"]
[WhiteElo "2286"]
[BlackElo "1685"]
[WhiteTeam "ARM"]
[BlackTeam "MLT"]
[WhiteClock "0:00:10"]
[BlackClock "0:00:00"]

1. f4 d5 2. Nf3 c5 3. e3 Nc6 4. Bb5 Nf6 5. b3 a6 6. Bxc6+ bxc6 7. Ne5 Qc7 8. O-O h5 9. h3 h4 10. Bb2 Nh5 11. d3 Ng3 12. Rf2 e6 13. Nd2 Be7 14. Ng4 f6 15. Nf1 Nxf1 16. Rxf1 Bd7 17. c4 O-O-O 18. Qe2 Bd6 19. cxd5 cxd5 20. d4 Bb5 21. Qd2 Bxf1 22. Rxf1 c4 23. Rc1 Kb8 24. bxc4 dxc4 25. Bc3 Ka8 26. Ba5 Qc6 27. Bxd8 Rxd8 28. Nf2 Rb8 29. Qc3 Rb4 30. Nd3 Ra4 31. Nb2 Rxa2 32. Qxc4 Qxc4 33. Nxc4 Bc7 34. Rb1 Rc2 35. Nb6+ Ka7 36. Nc8+ Ka8 37. Ne7 e5 38. fxe5 fxe5 39. d5 Rd2 40. e4 g5 41. Nc6 1-0

[Event "November 21 Late 2023"]
[Site "https://www.chess.com"]
[Date "2023.11.21"]
[Round "10"]
[White "Melikhov, Evgeny V."]
[Black "kinghunter183"]
[Result "1-0"]
[Board "94"]
[TimeControl "180+1"]
[WhiteFideId "4122046"]
[WhiteElo "2165"]
[BlackElo "2176"]
[WhiteTeam "GRE"]
[WhiteClock "0:00:19"]
[BlackClock "0:00:01"]

1. d4 e5 2. dxe5 Nc6 3. Nf3 Nge7 4. e4 Ng6 5. Bg5 Be7 6. Bxe7 Qxe7 7. Bd3 Ngxe5 8. Nxe5 Qxe5 9. Nc3 O-O 10. O-O d6 11. Qe1 Nb4 12. f4 Qd4+ 13. Qf2 Qxf2+ 14. Rxf2 Nxd3 15. cxd3 Bd7 16. h3 Rae8 17. f5 Bc6 18. g4 d5 19. Re1 dxe4 20. dxe4 Re5 21. Kg2 Rd8 22. Kf3 Rd4 23. Rfe2 f6 24. Rd1 Rxd1 25. Nxd1 Kf7 26. Nc3 g6 27. Kf4 g5+ 28. Ke3 b5 29. a3 a5 30. b4 axb4 31. axb4 Re7 32. Ra2 Ke8 33. Kd4 Kd7 34. Nd5 Bxd5 35. Kxd5 Re5+ 36. Kd4 Kd6 37. Ra8 Re7 38. Rd8+ Kc6 39. Rf8 Rd7+ 40. Kc3 Rd6 41. Rf7 Kb7 42. Rxh7 Rc6+ 43. Kd3 Rc4 44. Rf7 Rxb4 45. Rxf6 Rb3+ 46. Kd4 Rxh3 47. e5 b4 48. e6 b3 49. e7 b2 50. e8=Q b1=Q 51. Qc6+ Ka7 52. Qa6+ Kb8 53. Rf8# 1-0

[Event "November 21 Late 2023"]
[Site "https://www.chess.com"]
[Date "2023.11.21"]
[Round "10"]
[White "Buchenau, Frank"]
[Black "Vila Dupla, Aurelio"]
[Result "1-0"]
[Board "95"]
[TimeControl "180+1"]
[WhiteFideId "4604350"]
[BlackFideId "2203383"]
[WhiteElo "2157"]
[BlackElo "2009"]
[WhiteTeam "GER"]
[BlackTeam "ESP"]
[WhiteClock "0:01:05"]
[BlackClock "0:01:00"]

1. e4 c5 2. Nf3 d6 3. Bb5+ Nd7 4. O-O a6 5. Bd3 Ngf6 6. Re1 e6 7. c3 Be7 8. Bc2 O-O 9. d4 cxd4 10. cxd4 e5 11. Nc3 b5 12. h3 Bb7 13. d5 b4 14. Na4 Ne8 15. Be3 Qb8 16. Nd2 Nc5 17. Bxc5 dxc5 18. Nb6 Ra7 19. Nd7 Qc7 20. Nxf8 Bxf8 21. Nc4 f6 22. Ba4 Nd6 23. Nxd6 Bxd6 24. Rc1 Bc8 25. Bc6 a5 26. a4 Ba6 27. Bb5 Bxb5 28. axb5 Qb6 29. Qg4 Qxb5 30. Qe6+ 1-0

[Event "November 21 Late 2023"]
[Site "https://www.chess.com"]
[Date "2023.11.21"]
[Round "10"]
[White "zano2023"]
[Black "Tsiolakidis, Anastasios"]
[Result "0-1"]
[Board "96"]
[TimeControl "180+1"]
[BlackFideId "4201477"]
[WhiteElo "2204"]
[BlackElo "2261"]
[BlackTeam "GRE"]
[WhiteClock "0:00:31"]
[BlackClock "0:00:47"]

1. d4 c5 2. e3 cxd4 3. exd4 e5 4. Nf3 e4 5. Nfd2 f5 6. Nb3 Nf6 7. Nc3 d5 8. Bf4 Bd6 9. Qd2 a6 10. O-O-O O-O 11. Nc5 b6 12. Nb3 Be6 13. h3 Nc6 14. Be2 Be7 15. Rdg1 Na5 16. Nxa5 bxa5 17. g4 Qb6 18. gxf5 Bxf5 19. Be5 Be6 20. h4 Rf7 21. h5 Rb8 22. Bxb8 Qxb8 23. Na4 Bb4 24. c3 Bf8 25. Nc5 Bd7 26. Nxa6 Qb6 27. Nc5 Bxc5 28. dxc5 Qxc5 29. h6 g6 30. Qd4 Qf8 31. Rg5 Be6 32. Re5 Re7 33. Qb6 Nd7 34. Qd6 Nxe5 35. Qxe5 Qxf2 36. Kd1 Qxe2+ 37. Kxe2 Bg4+ 38. Ke3 Rxe5 39. Kd4 Rf5 40. Rg1 Bf3 41. c4 dxc4 42. Kxc4 e3 43. Kd3 e2 44. Ke3 g5 45. Re1 g4 46. Kf2 Kf7 47. a3 Kg6 48. b4 axb4 49. axb4 Kxh6 50. Kg3 Kg5 51. Rh1 h5 52. Kf2 h4 53. Rh2 g3+ 0-1

[Event "November 21 Late 2023"]
[Site "https://www.chess.com"]
[Date "2023.11.21"]
[Round "10"]
[White "Lutz, Igor Oscar"]
[Black "Quirke, Jeffrey"]
[Result "0-1"]
[Board "97"]
[TimeControl "180+1"]
[WhiteFideId "2110806"]
[BlackFideId "2013029"]
[WhiteElo "1769"]
[BlackElo "2222"]
[WhiteTeam "BRA"]
[BlackTeam "USA"]
[WhiteClock "0:00:07"]
[BlackClock "0:00:09"]

1. d4 Nf6 2. c4 g6 3. Nf3 Bg7 4. Nc3 d5 5. cxd5 Nxd5 6. e4 Nxc3 7. bxc3 c5 8. Be3 Qa5 9. Qd2 O-O 10. h3 Nc6 11. Rb1 Rd8 12. Rb5 cxd4 13. Rxa5 dxe3 14. Qxd8+ Nxd8 15. Rd5 Be6 16. Rd3 exf2+ 17. Kxf2 Bxa2 18. Be2 Be6 19. Rb1 b6 20. Ng5 h6 21. Nxe6 Nxe6 22. Rd7 Kf8 23. Ra1 a5 24. Rb1 Bxc3 25. Bc4 Bd4+ 26. Ke2 Bc5 27. Bxe6 fxe6 28. Rf1+ Ke8 29. Rb7 a4 30. Ra1 a3 31. Ra2 e5 32. Kd3 Ra4 33. Rb8+ Kf7 34. Rh8 Rd4+ 35. Kc2 h5 36. Rh7+ Kf6 37. g4 hxg4 38. hxg4 Rxe4 39. Rh8 Rxg4 40. Rf8+ Ke6 41. Kb3 Rg3+ 42. Ka4 g5 43. Kb5 g4 44. Rg8 Rg1 45. Rg6+ Kf5 46. Rg8 e4 47. Rf8+ Ke5 48. Rh8 e3 49. Rh5+ Ke4 50. Rc2 g3 51. Rc4+ Kd3 52. Rhh4 g2 53. Rh5 Rb1+ 54. Kc6 Kxc4 55. Rd5 g1=Q 0-1

[Event "November 21 Late 2023"]
[Site "https://www.chess.com"]
[Date "2023.11.21"]
[Round "10"]
[White "Golubev, Mikhail"]
[Black "Oliveira, Tiago Batista"]
[Result "1-0"]
[Board "98"]
[TimeControl "180+1"]
[WhiteFideId "14100983"]
[BlackFideId "2108291"]
[WhiteElo "2352"]
[BlackElo "1962"]
[WhiteTeam "UKR"]
[BlackTeam "BRA"]
[WhiteClock "0:00:07"]
[BlackClock "0:00:00"]

1. e4 c5 2. Nf3 Nc6 3. Nc3 d6 4. d4 cxd4 5. Nxd4 Nf6 6. Bc4 e6 7. Be3 Be7 8. Qe2 Bd7 9. O-O-O O-O 10. f4 Qa5 11. Bb3 a6 12. Rhf1 Rfc8 13. f5 Nxd4 14. Bxd4 e5 15. Be3 Rxc3 16. Bd2 Bb5 17. Qe1 Bxf1 18. Bxc3 Qb5 19. Qxf1 Qxf1 20. Rxf1 Nxe4 21. Be1 Bg5+ 22. Kd1 d5 23. h4 Bf6 24. g4 h6 25. Bxd5 Rd8 26. c4 b5 27. Ke2 Nd6 28. Ba5 Rc8 29. cxb5 Nxb5 30. Kd3 Bxh4 31. a4 Nd6 32. b4 Be7 33. Bb6 1-0

[Event "November 21 Late 2023"]
[Site "https://www.chess.com"]
[Date "2023.11.21"]
[Round "10"]
[White "Akhayan, Ruben"]
[Black "Desideri, Ricardo Maruchi"]
[Result "1-0"]
[Board "99"]
[TimeControl "180+1"]
[WhiteFideId "204439"]
[BlackFideId "2110440"]
[WhiteElo "2141"]
[BlackElo "1945"]
[WhiteTeam "BEL"]
[BlackTeam "BRA"]
[WhiteClock "0:02:03"]
[BlackClock "0:01:13"]

1. e4 c5 2. Nf3 d6 3. d4 cxd4 4. Nxd4 Nf6 5. Nc3 a6 6. Bc4 e6 7. Bb3 b5 8. O-O Qc7 9. f4 Nc6 10. Kh1 Nxd4 11. Qxd4 Bb7 12. f5 e5 13. Qd3 Rc8 14. Bg5 Be7 15. Bxf6 Bxf6 16. Nb1 O-O 17. Nc3 Rfd8 18. Rad1 Qc5 19. Nd5 Bxd5 20. Qxd5 Qxd5 21. Rxd5 Rc5 22. Rfd1 Rxd5 23. Rxd5 Kf8 24. Kg1 Ke7 25. Kf2 Rc8 26. Ke2 Rc5 27. Rd1 g6 28. g4 Bg5 29. c3 Bf4 30. h3 h5 31. gxh5 gxh5 32. Rg1 Kf6 33. Rg8 Rc6 34. Rh8 Kg5 35. Bxf7 Rc7 36. Rxh5+ Kf6 37. Bg6 b4 38. Rh7 Rc6 39. h4 1-0

[Event "November 21 Late 2023"]
[Site "https://www.chess.com"]
[Date "2023.11.21"]
[Round "10"]
[White "katharinareinecke"]
[Black "Golubenko, Valentina"]
[Result "0-1"]
[Board "100"]
[TimeControl "180+1"]
[BlackFideId "4501993"]
[WhiteElo "1993"]
[BlackElo "2126"]
[BlackTeam "CRO"]
[WhiteClock "0:00:00"]
[BlackClock "0:00:13"]

1. d4 Nf6 2. c4 g6 3. Nf3 Bg7 4. g3 c5 5. Bg2 cxd4 6. Nxd4 Nc6 7. Nxc6 bxc6 8. O-O O-O 9. Nc3 Rb8 10. e4 d6 11. Qc2 Be6 12. Ne2 Ng4 13. Rb1 f5 14. b3 Ne5 15. Bb2 fxe4 16. Bxe4 Bh3 17. Bxe5 Bxe5 18. Bg2 Qd7 19. f4 Bg7 20. Rbe1 e5 21. fxe5 Bxe5 22. Nf4 Bxg2 23. Nxg2 Rbe8 24. Qd2 Qg7 25. Rxf8+ Rxf8 26. Qe2 Bd4+ 27. Kh1 Be5 28. Ne3 Qh6 29. Ng2 Bxg3 30. Qe6+ Kh8 31. h3 Bxe1 32. Qxe1 Qxh3+ 33. Kg1 Qf3 34. Qa1+ Kg8 35. Qe1 Qf5 36. Qe2 Qe5 37. Qd2 Qf5 38. Qxd6 Qf2+ 39. Kh1 Re8 40. Qd7 Rf8 41. Qe6+ Rf7 42. Qe8+ Kg7 43. Qe5+ Qf6 44. Qe4 Qf5 45. Qd4+ Qf6 46. Qe4 Re7 0-1

[Event "November 21 Late 2023"]
[Site "https://www.chess.com"]
[Date "2023.11.21"]
[Round "10"]
[White "DAVIDHDZSTS"]
[Black "Kniazev, Igor"]
[Result "1-0"]
[Board "101"]
[TimeControl "180+1"]
[BlackFideId "4136349"]
[WhiteElo "1861"]
[BlackElo "1862"]
[BlackTeam "RUS"]
[WhiteClock "0:00:37"]
[BlackClock "0:00:00"]

1. d4 Nf6 2. Nc3 e6 3. Bf4 c5 4. d5 Nxd5 5. Nxd5 exd5 6. Qxd5 Be7 7. O-O-O O-O 8. e4 Nc6 9. Nf3 Nb4 10. Qh5 Nxa2+ 11. Kb1 Qa5 12. Bc4 Nc3+ 13. bxc3 Qxc3 14. Bb3 c4 15. Bd2 Qf6 16. Bxc4 Ba3 17. e5 Qb6+ 18. Bb3 a5 19. Be3 Qb4 20. Ng5 h6 21. Nxf7 Rxf7 22. Qxf7+ Kh7 23. Qg8+ Kg6 24. f4 d5 25. Qf7+ Kh7 26. e6 a4 27. Bd4 1-0

[Event "November 21 Late 2023"]
[Site "https://www.chess.com"]
[Date "2023.11.21"]
[Round "10"]
[White "Souza, Gustavo Horokoski De"]
[Black "Ivanov, Aleksandr"]
[Result "1-0"]
[Board "102"]
[TimeControl "180+1"]
[WhiteFideId "2146584"]
[BlackFideId "2092980"]
[WhiteElo "1824"]
[BlackElo "2041"]
[WhiteTeam "BRA"]
[BlackTeam "USA"]
[WhiteClock "0:01:08"]
[BlackClock "0:00:51"]

1. c4 e6 2. Nc3 d5 3. cxd5 exd5 4. d4 c6 5. Nf3 Bf5 6. Bg5 Nf6 7. e3 Nbd7 8. Ne5 Be7 9. Nxd7 Nxd7 10. Bxe7 Qxe7 11. Bd3 Bxd3 12. Qxd3 O-O 13. O-O Nf6 14. Rab1 Ne8 15. b4 a6 16. a4 Nd6 17. b5 axb5 18. axb5 Nc4 19. bxc6 bxc6 20. Rb3 Rfb8 21. Rxb8+ Rxb8 22. Na4 Qb4 23. Nc5 g6 24. h4 h5 25. Ra1 Nd6 26. Qa6 Rb6 27. Qa8+ Kg7 28. Nd7 Rb7 29. Qf8+ Kh7 30. Nf6# 1-0

[Event "November 21 Late 2023"]
[Site "https://www.chess.com"]
[Date "2023.11.21"]
[Round "10"]
[White "Burke, Paul"]
[Black "Vargas, Mauricio"]
[Result "0-1"]
[Board "103"]
[TimeControl "180+1"]
[WhiteFideId "2605767"]
[BlackFideId "4404572"]
[WhiteElo "1859"]
[BlackElo "1988"]
[WhiteTeam "CAN"]
[BlackTeam "COL"]
[WhiteClock "0:00:50"]
[BlackClock "0:01:09"]

1. e4 d5 2. exd5 Qxd5 3. d4 c6 4. Nf3 Nf6 5. Be2 Bf5 6. O-O e6 7. c4 Qd8 8. Nc3 Bd6 9. Bg5 Nbd7 10. h3 Rc8 11. Rc1 O-O 12. Bd3 Bb8 13. Bxf5 exf5 14. Bxf6 Nxf6 15. Ne5 Qc7 16. f4 Ne4 17. Nxe4 fxe4 18. Qg4 Kh8 19. Rcd1 f6 20. Nd7 f5 21. Qg3 Qxd7 22. d5 cxd5 23. Rxd5 Qe7 24. Rfd1 Rxc4 25. Rd7 Qc5+ 26. Kh2 Rg8 27. R1d5 Qf8 28. Rd8 Qxd8 29. Rxd8 Rxd8 30. Qg5 Rf8 31. g3 Rc2+ 32. Kg1 Rxb2 33. Qe7 Rc8 0-1

[Event "November 21 Late 2023"]
[Site "https://www.chess.com"]
[Date "2023.11.21"]
[Round "10"]
[White "Manfroi, Alexander Giannini"]
[Black "Broca Jimenez, Fernando"]
[Result "0-1"]
[Board "104"]
[TimeControl "180+1"]
[WhiteFideId "22739335"]
[BlackFideId "5104742"]
[WhiteElo "1618"]
[BlackElo "2062"]
[WhiteTeam "BRA"]
[BlackTeam "MEX"]
[WhiteClock "0:00:03"]
[BlackClock "0:00:13"]

1. e4 c5 2. d4 cxd4 3. c3 Nf6 4. e5 Nd5 5. cxd4 Nc6 6. Nf3 e6 7. Bd3 Be7 8. O-O d6 9. exd6 Qxd6 10. Nc3 O-O 11. Bg5 h6 12. Bxe7 Qxe7 13. Re1 Qf6 14. Rc1 Nxc3 15. bxc3 Bd7 16. Ne5 Nxe5 17. Rxe5 Bc6 18. Be4 Rac8 19. Bxc6 Rxc6 20. Qa4 a6 21. Qb3 Rc7 22. Rce1 Rfc8 23. R5e3 Qd8 24. Rc1 Qxd4 25. Rg3 b5 26. h3 Qc4 27. Qc2 Rd7 28. Qb2 Rcd8 29. Rc2 Rd1+ 30. Kh2 Qf4 31. c4 bxc4 32. Qb6 h5 33. Qe3 Qxe3 34. Rxe3 R8d4 35. Rec3 R1d2 36. Rxc4 Rxc4 37. Rxc4 Rxa2 38. Rc8+ Kh7 39. Rc7 Kg6 40. g3 Rxf2+ 41. Kg1 Ra2 42. Ra7 a5 43. Kf1 a4 44. Ra5 a3 45. Kg1 Kf6 46. Kf1 g6 47. Kg1 Ke7 48. h4 Kd7 49. Ra6 Kc7 50. Ra4 Kb6 51. Kf1 Kb5 52. Ra8 Ra1+ 53. Kg2 Kb4 54. Rb8+ Kc3 55. Rc8+ Kb2 56. Rb8+ Ka2 57. Kf3 Rb1 58. Ra8 Rb7 59. Kf4 Kb2 60. Kg5 a2 61. Ra7 Rxa7 0-1

[Event "November 21 Late 2023"]
[Site "https://www.chess.com"]
[Date "2023.11.21"]
[Round "10"]
[White "Elbebiber"]
[Black "Qiao, Cindy"]
[Result "0-1"]
[Board "105"]
[TimeControl "180+1"]
[BlackFideId "2620243"]
[WhiteElo "2147"]
[BlackElo "1862"]
[BlackTeam "CAN"]
[WhiteClock "0:00:15"]
[BlackClock "0:00:04"]

1. d4 d5 2. Bg5 Nf6 3. Bxf6 exf6 4. e3 c6 5. c4 dxc4 6. Bxc4 Bd6 7. Nf3 O-O 8. Nc3 Bg4 9. h3 Bh5 10. Be2 Nd7 11. Rc1 Re8 12. O-O Rc8 13. Nh4 Bxe2 14. Qxe2 Nb6 15. Qg4 g6 16. Qd1 Bb8 17. Nf3 Qd6 18. Na4 Nxa4 19. Qxa4 a6 20. Qc4 Qe6 21. b3 Kg7 22. Rfd1 Red8 23. Rc2 h6 24. Rdc1 f5 25. Qxe6 fxe6 26. Kf1 Kf6 27. Nd2 e5 28. dxe5+ Bxe5 29. Nc4 Bc7 30. Ke2 Rd5 31. Rd1 Rcd8 32. Rcd2 Ke6 33. f3 Rxd2+ 34. Rxd2 Rxd2+ 35. Kxd2 Kd5 36. Kd3 b5 37. Nd2 c5 38. e4+ Ke6 39. g4 fxg4 40. fxg4 Bf4 41. Nf3 h5 42. a4 Kd6 43. axb5 axb5 44. Kc3 Kc6 45. Kd3 Kd6 46. Kc3 Kc6 47. Kd3 Kd7 48. Kc3 Kc7 49. Kd3 Kb6 50. Kc3 Ka5 51. Nh4 hxg4 52. hxg4 Be5+ 53. Kd3 g5 54. Nf5 Kb4 55. Kc2 c4 56. bxc4 Kxc4 57. Kd2 Kb3 58. Kd3 b4 59. Ne7 Ka2 60. Nc6 Bd6 61. e5 Bc5 62. e6 b3 63. Na5 b2 64. Nc4 b1=Q+ 65. Kc3 Qg1 66. Ne5 Qd4+ 67. Kc2 Qxe5 0-1

[Event "November 21 Late 2023"]
[Site "https://www.chess.com"]
[Date "2023.11.21"]
[Round "10"]
[White "AndresDelgado77"]
[Black "Smirnov, Timofey"]
[Result "1-0"]
[Board "106"]
[TimeControl "180+1"]
[BlackFideId "24176427"]
[WhiteElo "2271"]
[BlackElo "2245"]
[BlackTeam "RUS"]
[WhiteClock "0:02:25"]
[BlackClock "0:01:54"]

1. e4 e5 2. Nc3 Nf6 3. d4 Bb4 4. dxe5 Nxe4 5. Qg4 Bxc3+ 6. bxc3 O-O 7. Qxe4 d6 8. Bd3 Re8 9. Qxh7+ Kf8 10. Qh8+ Ke7 11. Bg5+ f6 12. Qxg7+ 1-0

[Event "November 21 Late 2023"]
[Site "https://www.chess.com"]
[Date "2023.11.21"]
[Round "11"]
[White "Carlsen, Magnus"]
[Black "Erigaisi Arjun"]
[Result "1/2-1/2"]
[Board "1"]
[TimeControl "180+1"]
[WhiteFideId "1503014"]
[BlackFideId "35009192"]
[WhiteElo "2887"]
[BlackElo "2729"]
[WhiteTeam "NOR"]
[BlackTeam "IND"]
[WhiteClock "0:00:05"]
[BlackClock "0:00:07"]

1. b4 Nf6 2. Bb2 e6 3. a3 Be7 4. Nf3 b6 5. g3 Bb7 6. Bg2 O-O 7. O-O c5 8. b5 a6 9. a4 axb5 10. axb5 Rxa1 11. Bxa1 d5 12. c4 Nbd7 13. d3 d4 14. Nbd2 Qc7 15. e3 e5 16. Re1 Bd6 17. Bb2 Ra8 18. Qc2 h6 19. Nh4 Bxg2 20. Kxg2 Nf8 21. Nhf3 Ne6 22. e4 g6 23. Ra1 Rxa1 24. Bxa1 Qa7 25. Bb2 Nh5 26. Bc1 Qa1 27. Nb3 Qc3 28. Qb1 Qb4 29. Bxh6 Qa4 30. Bd2 f5 31. exf5 gxf5 32. Nh4 Nhg7 33. f3 e4 34. fxe4 fxe4 35. Bh6 e3 36. Bxg7 Nxg7 37. Qc2 Qa8+ 38. Nf3 Nf5 39. Nc1 Qa3 40. Ne2 Kf7 41. Neg1 Ke6 42. Qe2 Qa8 43. Nh3 Kd7 44. Ng5 Be7 45. Ne4 Ke6 46. h4 Qg8 47. Nfg5+ Kd7 48. Qg4 Qf8 49. Nh7 Qf7 50. Nhf6+ Bxf6 51. Qxf5+ Ke7 52. Kf3 Be5 53. Qxf7+ Kxf7 54. g4 Kg6 55. Ke2 Bf4 56. h5+ Kh6 57. Nf6 Bc7 58. Kf3 Kg5 59. Nd5 Bd8 60. Nf4 Be7 61. Ne6+ Kf6 62. Nc7 Bd8 63. Nd5+ Kg5 64. Nf4 Be7 65. Nh3+ Kh4 66. Ng1 Kg5 67. Ne2 Bd6 68. Nc1 Bc7 69. Nb3 Bd6 70. Na1 Bc7 71. Nc2 Bd6 72. Ne1 Bc7 73. Ng2 Bd6 74. Ne1 Bc7 75. Ke2 Bf4 76. Ng2 Be5 77. Kf3 Bc7 78. Ne1 Bd6 79. Ke2 Bf4 80. Kf3 Bd6 81. Nc2 Bc7 82. Na3 Bd6 83. Nb1 Bc7 84. Na3 Bd6 85. Nc2 Bc7 86. Ne1 Bd6 1/2-1/2